 Dungeon Crawl Stone Soup version 0.29-a0-330-g52719c12eb (webtiles) character file.

Game seed: 8464004959681224950

735 Ajdolov the Frost Mage (level 7, -2/46 HPs)
             Began as a Barachi Ice Elementalist on Apr 23, 2022.
             Slain by a kobold brigand
             ... wielding a +0 short sword
              (4 damage)
             ... on level 5 of the Dungeon.
             The game lasted 00:07:22 (3988 turns).

Ajdolov the Frost Mage (Barachi Ice Elementalist)   Turns: 3988, Time: 00:07:22

Health: -2/46      AC:  3    Str: 10    XL:     7   Next: 74%
Magic:  5/10       EV: 16    Int: 17    God:
Gold:   203        SH:  0    Dex: 12    Spells: 4/11 levels left

rFire   . . .      SeeInvis .   k - +0 spear
rCold   . . .      Faith    .   (no shield)
rNeg    . . .      Spirit   .   a - +0 robe
rPois   .          Reflect  .   p - +0 helmet
rElec   .          Harm     .   (no cloak)
rCorr   .          Rampage  .   (no gloves)
Will    .....                   (no boots)
Stlth   ++........              j - amulet of regeneration
HPRegen 0.95/turn               m - +4 ring of evasion
MPRegen 0.12/turn               (no ring)

@: lethally poisoned (-2 -> -3), unable to hop, hasted, quick
A: amphibious, slowness 1, strong legs 1, +LOS
a: Hop


You were on level 5 of the Dungeon.
You visited 1 branch of the dungeon, and saw 5 of its levels.

You collected 203 gold pieces.

Inventory:

Hand Weapons
 k - a +0 spear (weapon)
Missiles
 o - 2 throwing nets
Armour
 a - a +0 robe (worn)
 p - a +0 helmet (worn)
Jewellery
 j - an amulet of regeneration (around neck)
 m - a +4 ring of evasion (left hand)
Scrolls
 h - 2 scrolls of fog {unknown}
 l - 5 scrolls of teleportation {unknown}
 n - 2 scrolls of identify {unknown}
 q - a scroll of enchant armour {unknown}
 r - a scroll of noise {unknown}
 v - a scroll of fear {unknown}
Potions
 b - a potion of magic
 c - a potion of flight {unknown}
 d - 2 potions of attraction
 e - a potion of lignification {unknown}
 f - a potion of cancellation
 g - a potion of heal wounds {unknown}
 i - a potion of brilliance
 t - a potion of curing {unknown}
 u - a potion of invisibility {unknown}


   Skills:
 + Level 4.4 Polearms
 - Level 2.1 Dodging
 - Level 1.7 Stealth
 - Level 2.5 Spellcasting
 * Level 9.4 Ice Magic


You had 4 spell levels left.
You knew the following spells:

 Your Spells              Type           Power      Damage    Failure   Level
a - Freeze                Ice            100%       1d11      1%          1
b - Frozen Ramparts       Ice            68%        1d8       1%          3
c - Ozocubu's Armour      Ice            34%        N/A       1%          3

Your spell library contained the following spells:

 Spells                   Type           Power      Damage    Failure   Level
 Sandblast                Erth           4%         2d4       19%         1
 Hailstorm                Conj/Ice       18%        3d6       26%         4
 Passwall                 Tmut/Erth      1%         N/A       28%         2
 Conjure Flame            Conj/Fire      2%         6-21      50%         3
 Gell's Gravitas          Tloc           2%         N/A       50%         3
 Ignite Poison            Fire/Tmut/Pois 2%         N/A       50%         3
 Stone Arrow              Conj/Erth      4%         3d7       50%         3
 Summon Guardian Golem    Hex/Summ       2%         N/A       50%         3
 Teleport Other           Tloc           2%         N/A       50%         3
 Sticky Flame             Conj/Fire      2%         2d3       88%         4
 Conjure Ball Lightning   Conj/Air       1%         3x3d6     100%        6
 Dispersal                Tloc           1%         N/A       100%        6
 Orb of Destruction       Conj           1%         9d5       100%        7
 Spellforged Servitor     Conj/Summ      1%         N/A       100%        7
 Discord                  Hex            1%         N/A       100%        8
 Disjunction              Tloc           1%         N/A       100%        8


Dungeon Overview and Level Annotations

Branches:
Dungeon (5/15)
 Temple: D:4-7

Altars:
Kikubaaqudgha
Yredelemnul

Annotations:
D:4 2 transporters, Menkaure


Innate Abilities, Weirdness & Mutations

You are amphibious.
You cover ground slowly.
You can hop short distances.
You have an extended range of vision and can be seen from far away.


Message History

You feel attractive to monsters.
You feel very sick.
The wall freezes the kobold!
You kill the kobold!
The wall freezes the kobold brigand!
The kobold brigand throws a curare-tipped dart.
The curare-tipped dart closely misses you.
The kobold brigand is attracted toward you.
The kobold is attracted toward you. Something is attracted toward you.
You are too confused!
Unknown command.
It was a potion of brilliance.
You feel clever all of a sudden.
The frozen ramparts melt away.
You feel very sick. The kobold completely misses you.
The kobold brigand closely misses you.
You hear some strange, mumbled words.
Deactivating autopickup; reactivate with Ctrl-A.
Something tries to affect you, but you resist.
You're too confused to cast spells.
Unknown command.
It was a potion of cancellation.
Your magical effects are unravelling.
You feel magically purged.
Your icy armour evaporates.
You feel yourself speed up.
You feel less confused.
You feel a little less clever now.
You feel sick. The kobold closely misses you.
The kobold brigand hits you with a +0 short sword.
* * * LOW HITPOINT WARNING * * *
Something hits you.
* * * LOW HITPOINT WARNING * * *
You hear some strange, mumbled words.
A magic dart appears from out of thin air!
The magic dart hits you.
* * * LOW HITPOINT WARNING * * *
The kobold closely misses you. The kobold brigand misses you.
You feel less attractive to monsters.
It was a potion of haste.
You feel yourself speed up.
You feel sick.
The kobold brigand hits you with a +0 short sword.
You die...

## #.. #.. ....#..
....#.. ...... ....
## . #..## .# ..
##.)K#####.## ...
##...K@#.....#...
##.....){.......##
#................#
#.......<........#.
#..................
#>........).....#..
#.....?.........#
#........!......#
##.?...........##


You could see a kobold brigand and a kobold.

Vanquished Creatures
  An orc warrior (D:4)
  An ogre (D:3)
  A phantom (D:4)
  Blork the orc (D:4)
  A scorpion (D:4)
  3 hounds (D:4)
  An orc priest (D:3)
  An iguana (D:4)
  2 orc wizards
  7 adders
  3 worms
  A dart slug (D:4)
  15 orcs
  7 ball pythons
  6 endoplasms
  2 giant cockroaches
  3 goblins
  4 hobgoblins
  2 jackals (D:1)
  3 quokkas
  3 bats
  4 frilled lizards
  10 kobolds
  4 rats
86 creatures vanquished.

Notes
Turn   | Place    | Note
-------+----------+-------------------------------------------
     0 | D:1      | Ajdolov the Barachi Ice Elementalist began the quest for
                  | the Orb.
     0 | D:1      | Reached XP level 1. HP: 13/13 MP: 3/3
   306 | D:1      | Reached skill level 5 in Ice Magic
   471 | D:1      | Reached XP level 2. HP: 18/19 MP: 0/5
  1156 | D:2      | Reached skill level 1 in Polearms
  1285 | D:2      | Reached XP level 3. HP: 20/24 MP: 3/6
  1427 | D:2      | Learned a level 3 spell: Frozen Ramparts
  1431 | D:2      | Learned a level 3 spell: Ozocubu's Armour
  1685 | D:2      | Reached XP level 4. HP: 30/30 MP: 3/7
  1869 | D:2      | Reached skill level 6 in Ice Magic
  2020 | D:2      | Found a faded altar of an unknown god.
  2530 | D:3      | Identified the +5 dagger "Ydodaehees" {antimagic, rF- rC+
                  | Int+4}
  2689 | D:3      | Noticed an ogre
  2697 | D:3      | Killed an ogre
  2698 | D:3      | Reached XP level 5. HP: 13/35 MP: 1/8
  2888 | D:3      | Reached skill level 7 in Ice Magic
  2996 | D:3      | Reached XP level 6. HP: 41/41 MP: 2/9
  3284 | D:4      | Reached skill level 8 in Ice Magic
  3518 | D:4      | Found an ancient bone altar of Kikubaaqudgha.
  3520 | D:4      | Noticed Menkaure
  3522 | D:4      | Found a basalt altar of Yredelemnul.
  3529 | D:4      | Found a transporter.
  3544 | D:4      | Found a transporter.
  3569 | D:4      | Reached XP level 7. HP: 38/46 MP: 6/10
  3893 | D:4      | Noticed Blork the orc
  3899 | D:4      | Reached skill level 9 in Ice Magic
  3904 | D:4      | Killed Blork the orc
  3970 | D:5      | Entered Level 5 of the Dungeon
  3987 | D:5      | HP: 2/46 [something/magic dart (3)]
  3988 | D:5      | Slain by a kobold brigand

Illustrated notes

Levels and vault maps discovered:
D:1:      dpeg_arrival_three_smaller_balls, layout_loops_ring,
          minmay_misc_feat_more_columns
D:2:      layout_loops_ring, shapermc_ecumenical_altar_petra,
          kennysheep_pointless_box, minmay_diced_spiral
D:3:      layout_loops_ring, grunt_ministairs_8
D:4:      layout_rooms, gammafunk_temple_of_torment, uniq_blork_the_orc
D:5:      layout_rooms, temple_doors_e, minmay_manual_maat

Skill      XL: |  1  2  3  4  5  6  7 |
---------------+----------------------+-----
Ice Magic      | 5 6 7 8 9 |  9.4
Polearms       | 1 2 3 4 |  4.4
Dodging        | |  2.1
Stealth        | |  1.7
Spellcasting   | |  2.5

Action                   |  1- 3 |  4- 6 |  7- 9 || total
-------------------------+-------+-------+-------++-------
Melee: Unarmed           |     5 |       |       ||     5
       Spear             |    38 |    91 |    35 ||   164
       Punch             |     1 |       |       ||     1
 Cast: Freeze            |    37 |     7 |       ||    44
       Frozen Ramparts   |     2 |    13 |     4 ||    19
       Ozocubu's Armour  |       |     7 |     3 ||    10
 Abil: Hop               |       |       |     1 ||     1
  Use: Potion            |       |       |     4 ||     4
 Stab: Sleeping          |     2 |     2 |     1 ||     5
       Distracted        |       |     1 |       ||     1
Armor: Robe              |    11 |    23 |     5 ||    39
Dodge: Dodged            |    33 |    42 |    28 ||   103

Table legend: (Time is in decaauts)
 A = Elapsed time spent in this place.
 B = Non-inter-level travel time spent in this place.
 C = Inter-level travel time spent in this place.
 D = Time resting spent in this place.
 E = Time spent auto-exploring this place.
 F = Levels seen in this place.
 G = Mean time per level.
                   A        B        C        D        E       F      G
               +--------+--------+--------+--------+--------+-----+--------+
         Total |   4464 |   4325 |    139 |    313 |   3216 |   5 |  892.8 |
       Dungeon |   4464 |   4325 |    139 |    313 |   3216 |   5 |  892.8 |
               +--------+--------+--------+--------+--------+-----+--------+

Top non-repeatable levels by time:
     D:1: 1189 daAuts
     D:3: 1170 daAuts
     D:2: 1170 daAuts
     D:4: 914 daAuts
     D:5: 20 daAuts
